[Event "Titled Tuesday Blitz May 16 Early 2023"]
[White "Fiorito, Joaquin"]
[Black "Kramnik, Vladimir"]
[WhiteFideId "180173"]
[BlackFideId "4101588"]
[WhiteElo "2157"]
[BlackElo "2703"]
[Result "1-0"]
[Round "11"]
[TimeControl "180+2"]
[Date "2023.05.16"]
[WhiteClock "0:00:12"]
[BlackClock "0:00:04"]

1. d4 Nf6 2. c4 e6 3. Nc3 Bb4 4. e3 O-O 5. Bd2 b6 6. Nf3 Bb7 7. Bd3 d6 8. a3 Bxc3 9. Bxc3 Ne4 10. Bxe4 Bxe4 11. d5 e5 12. Nd2 Bg6 13. O-O Nd7 14. b4 Qe7 15. Qe2 f5 16. a4 f4 17. f3 fxe3 18. Qxe3 Qf7 19. a5 b5 20. Qe2 bxc4 21. Qxc4 Nf6 22. Ne4 Nxd5 23. Ng5 Ne3 24. Qe2 Qf4 25. Ne6 Qc4 26. Qxc4 Nxc4 27. Nxf8 Rxf8 28. Rfc1 c6 29. Be1 d5 30. Bf2 a6 31. Bc5 Re8 32. Rc3 Bf7 33. Re1 g5 34. Kf2 Kg7 35. g3 Kg6 36. h4 gxh4 37. gxh4 Kf5 38. Rg1 Bg6 39. Be3 Ke6 40. Bc5 Kf6 41. Rcc1 Nb2 42. Ke3 Nd3 43. Rxg6+ hxg6 44. Kxd3 Kf5 45. Rg1 Rh8 46. Bf2 Rh6 47. Rg5+ Kf6 48. Bg3 Rh7 49. Bxe5+ Kf7 50. Bg3 1-0


[Site "https://www.chess.com"]

[Event "Titled Tuesday Blitz May 16 Early 2023"]
[White "Galchenko, Matvey"]
[Black "Postny, Evgeny"]
[WhiteFideId "24175480"]
[BlackFideId "2804344"]
[WhiteElo "2423"]
[BlackElo "2504"]
[Result "1/2-1/2"]
[Round "11"]
[TimeControl "180+2"]
[Date "2023.05.16"]
[WhiteClock "0:00:04"]
[BlackClock "0:00:08"]

1. f4 d5 2. Nf3 g6 3. g3 Bg7 4. Bg2 c5 5. O-O Nh6 6. d3 d4 7. c3 O-O 8. e4 dxe3 9. Bxe3 Qc7 10. Qe2 Nd7 11. Kh1 b6 12. Na3 Bb7 13. Rae1 Rae8 14. d4 Nf5 15. Bg1 cxd4 16. Nb5 Qb8 17. Nbxd4 Nxd4 18. Nxd4 Qa8 19. Nb5 Rc8 20. Bxb7 Qxb7+ 21. Qg2 Qxg2+ 22. Kxg2 e5 23. f5 Nc5 24. f6 Bh6 25. Rxe5 Nd3 26. Re2 a6 27. Nd6 Rc6 28. Ne4 Re6 29. Rd1 Nxb2 30. Rxb2 Rxe4 31. Bxb6 Re6 32. Bd4 Be3 33. Bxe3 Rxe3 34. Rd6 Rxc3 35. Rxa6 h6 36. a4 Ra3 37. a5 g5 38. h4 gxh4 39. gxh4 Kh7 40. Kh2 Kg6 41. Rb5 Re8 42. h5+ Kh7 43. Rb2 Re5 44. Ra7 Rxh5+ 45. Kg2 Kg6 46. a6 Rha5 47. Rb6 Rg5+ 48. Kh2 Rh5+ 49. Kg2 Rg5+ 50. Kh2 Rf5 51. Rb2 Rxf6 52. Rg2+ Kh5 53. Rd7 Rf5 54. a7 Rf4 55. Rd5+ f5 56. Rd7 Rfa4 57. Rd5 Rh4+ 58. Kg1 Rf4 59. Rd7 Rfa4 60. Rf7 Rf4 61. Rh2+ Kg6 62. Rb7 Kg5 63. Rg2+ Kf6 64. Rb6+ Ke5 65. Rb7 Kd6 66. Rh7 Re4 67. Rxh6+ Re6 68. Rd2+ Ke7 69. Rh7+ Kf6 70. Rg2 Re1+ 71. Kh2 Re7 72. Rh6+ Kf7 73. Rh7+ Kf6 74. Rh6+ Kf7 75. Rf2 Re5 76. Rh7+ Kg6 77. Rb7 Kf6 78. Rc2 Rea5 79. Rc6+ Kg5 80. Rg7+ Kf4 81. Rc4+ Ke5 82. Re7+ Kf6 83. Rcc7 Kg5 84. Rg7+ Kf4 85. Rb7 Ra2+ 86. Kh1 Ra1+ 87. Kh2 R5a2+ 88. Rg2 Rxg2+ 89. Kxg2 Kg4 90. Rg7+ Kf4 91. Kf2 Ra2+ 92. Kf1 Kf3 93. Kg1 f4 94. Rb7 Ra1+ 95. Kh2 Kf2 96. Rb2+ Ke3 97. Rb3+ Ke4 98. Rb4+ Kf3 99. Rb3+ Kg4 100. Rb7 Ra2+ 101. Kg1 Kg3 102. Rg7+ Kf3 103. Rb7 Ra1+ 104. Kh2 Ra2+ 105. Kg1 1/2-1/2


[Site "https://www.chess.com"]

[Event "Titled Tuesday Blitz May 16 Early 2023"]
[White "Cherniaiev, Tykhon"]
[Black "Mekhitarian, Krikor Sevag"]
[WhiteFideId "14182360"]
[BlackFideId "2107660"]
[WhiteElo "2450"]
[BlackElo "2604"]
[Result "1/2-1/2"]
[Round "11"]
[TimeControl "180+2"]
[Date "2023.05.16"]
[WhiteClock "0:00:06"]
[BlackClock "0:00:04"]

1. Nf3 d5 2. d4 c6 3. c4 Nf6 4. e3 Bf5 5. Bd3 Bg6 6. O-O e6 7. Nc3 Nbd7 8. Re1 Bb4 9. Bxg6 hxg6 10. Qb3 Qe7 11. Bd2 Nb6 12. c5 Bxc3 13. Bxc3 Nc8 14. Ne5 O-O 15. a4 Qc7 16. Ba5 Qe7 17. Rac1 Ne4 18. f3 Nf6 19. Rc3 Kh7 20. Qb4 Ng8 21. e4 f6 22. Nd3 Qd7 23. exd5 exd5 24. Qb3 Nge7 25. Rc2 Kg8 26. Rce2 Nf5 27. Bc3 g5 28. Qc2 Nh4 29. Nf2 Kf7 30. Qh7 Ng6 31. Qh5 Ne7 32. Qg4 Qxg4 33. Nxg4 Rfe8 34. g3 Nf5 35. Kg2 Rxe2+ 36. Rxe2 Re8 37. Kf2 Rxe2+ 38. Kxe2 Ke6 39. Ne3 Nxe3 40. Kxe3 Ne7 41. Bd2 Nf5+ 42. Kd3 a6 43. b4 Ne7 44. Bc1 Ng6 45. Bd2 Kf5 46. h3 Ke6 47. Bc1 Ne7 48. Bd2 Nf5 49. Be1 g6 50. g4 Ng7 51. Bd2 Kf7 52. Be3 Ne6 53. Bd2 f5 54. Be3 Kf6 55. Bd2 Nf8 56. Be3 Nd7 57. Bd2 Nf8 58. Be3 Ne6 59. Bd2 Kf7 60. Be3 Kg7 61. Bd2 Kf8 62. Be3 Kf7 63. Bd2 Ke8 64. Be3 Kd7 65. Bd2 Kc7 66. Be3 b6 67. Bd2 Kb7 68. Be3 Ka7 69. Bd2 a5 70. cxb6+ Kxb6 71. bxa5+ Ka6 72. Kc3 Kb7 73. Kd3 Ka7 74. Kc3 Ka6 75. Kd3 Ka7 76. Kc3 Kb7 77. Kd3 Ka6 78. Kc3 Kxa5 79. Kb3+ Ka6 80. Kc3 Ka5 81. Kb3+ Ka6 82. Kc3 Kb7 83. Kd3 Kb6 84. Kc3 Ka6 85. Kd3 f4 86. Kc3 Ka5 87. Kb3+ Kb6 88. Kc3 Ka6 89. Kd3 Kb7 90. Bb4 Kb6 91. Kc3 Ka6 92. Kd3 Ka7 93. Kc3 Kb6 94. Kd3 Ka6 95. Kc3 Kb6 96. Kd3 Ka6 97. Kc3 Kb6 1/2-1/2


[Site "https://www.chess.com"]

[Event "Titled Tuesday Blitz May 16 Early 2023"]
[White "Panesar Vedant"]
[Black "Hafiz, Arif Abdul"]
[WhiteFideId "35033018"]
[BlackFideId "7104227"]
[WhiteElo "2347"]
[BlackElo "2198"]
[Result "1/2-1/2"]
[Round "11"]
[TimeControl "180+2"]
[Date "2023.05.16"]
[WhiteClock "0:00:10"]
[BlackClock "0:00:03"]

1. e4 e5 2. Nf3 Nc6 3. Bb5 Nge7 4. O-O a6 5. Ba4 g6 6. c3 Bg7 7. d4 exd4 8. cxd4 d5 9. exd5 Nxd5 10. Re1+ Be6 11. Nc3 O-O 12. Ne4 b5 13. Bb3 Bg4 14. Bg5 Qd7 15. Bxd5 Qxd5 16. h3 Bxf3 17. Qxf3 Kh8 18. Bf6 Qf5 19. Bxg7+ Kxg7 20. Qc3 Qd5 21. Rad1 Rfe8 22. Qf3 f5 23. Ng5 Rxe1+ 24. Rxe1 Qxf3 25. Nxf3 Rd8 26. Rc1 Nxd4 27. Rxc7+ Kh6 28. Ne5 Ne6 29. Rc6 Rd1+ 30. Kh2 Nd4 31. Rxa6 Re1 32. Nf7+ Kg7 33. Ng5 h6 34. Ra7+ Kf6 35. Nf7 Re2 36. Rd7 Rxb2 37. Nxh6 Ne6 38. Ng8+ Ke5 39. Ne7 g5 40. Rd5+ Kf6 41. Nxf5 Rxf2 42. Ng3 Rxg2+ 43. Kxg2 Nf4+ 44. Kf3 Nxd5 45. Kg4 Nc3 46. a3 Nb1 47. Ne4+ Ke5 48. Nxg5 Nxa3 49. Nf3+ Kf6 50. Kf4 b4 51. Nd4 Nc4 52. Ke4 Nd6+ 53. Kd3 Kg5 54. Nc6 Kh4 55. Nxb4 Kxh3 1/2-1/2


[Site "https://www.chess.com"]

[Event "Titled Tuesday Blitz May 16 Early 2023"]
[White "Bharath Subramaniyam H"]
[Black "Karthik Rajaa"]
[WhiteFideId "46634827"]
[BlackFideId "25035215"]
[WhiteElo "2400"]
[BlackElo "2215"]
[Result "1-0"]
[Round "11"]
[TimeControl "180+2"]
[Date "2023.05.16"]
[WhiteClock "0:00:26"]
[BlackClock "0:00:01"]

1. c4 Nf6 2. Nc3 c5 3. Nf3 Nc6 4. e3 e6 5. d4 d5 6. a3 dxc4 7. Bxc4 a6 8. Bd3 Be7 9. dxc5 Bxc5 10. b4 Be7 11. Bb2 O-O 12. O-O b5 13. Qc2 Bb7 14. Ne4 Rc8 15. Nc5 Bxc5 16. bxc5 h6 17. Rac1 Qe7 18. Qc3 Rfd8 19. Rfd1 Nb8 20. a4 Nbd7 21. Ba3 Bc6 22. axb5 axb5 23. Nd4 Nd5 24. Qe1 b4 25. Bxb4 Ba4 26. Bc2 Bxc2 27. Rxc2 Ne5 28. Ba5 Re8 29. c6 Qa7 30. c7 Nd7 31. Rdc1 N7f6 32. Rc6 e5 33. Nb5 Qa8 34. Nd6 Ne7 35. R6c5 Ng6 36. Nxc8 Rxc8 37. Rd1 Nh4 38. Rd8+ Kh7 39. f3 e4 40. Qxh4 Qa7 41. Bb4 Rxc7 42. Rxc7 Qxc7 43. Rd1 Qb6 44. Qe1 exf3 45. gxf3 g6 46. Kg2 Qc6 47. Rd6 Qc2+ 48. Qf2 Qf5 49. e4 Qf4 50. Qg3 Qc1 51. Bd2 Qb2 52. Qf4 Kg7 53. Qxh6+ Kg8 54. Rd8+ Ne8 55. Rxe8# 1-0


[Site "https://www.chess.com"]

[Event "Titled Tuesday Blitz May 16 Early 2023"]
[White "Halkias, Stelios"]
[Black "Mikhailovsky, Vladimir"]
[WhiteFideId "4201809"]
[BlackFideId "34105414"]
[WhiteElo "2451"]
[BlackElo "2271"]
[Result "1-0"]
[Round "11"]
[TimeControl "180+2"]
[Date "2023.05.16"]
[WhiteClock "0:01:14"]
[BlackClock "0:00:02"]

1. Nf3 c5 2. c4 Nf6 3. Nc3 e6 4. e3 d5 5. d4 cxd4 6. exd4 Bb4 7. cxd5 Nxd5 8. Bd2 O-O 9. Bd3 Nc6 10. O-O Nxc3 11. bxc3 Bd6 12. Re1 h6 13. Bc2 Re8 14. Ne5 Nxe5 15. dxe5 Bc5 16. Qe2 Bf8 17. Rad1 Qc7 18. h4 g6 19. h5 g5 20. Qe4 Bg7 21. c4 a5 22. Bc1 a4 23. Ba3 Re7 24. Bd6 Qd8 25. c5 Bd7 26. Qxb7 Re8 27. Qe4 Re7 28. Bxe7 Qxe7 29. Qxa8+ Be8 1-0


[Site "https://www.chess.com"]

[Event "Titled Tuesday Blitz May 16 Early 2023"]
[White "Alex_Sahakyan2006"]
[Black "Pakleza, Zbigniew"]
[BlackFideId "1119290"]
[WhiteElo "2681"]
[BlackElo "2410"]
[Result "0-1"]
[Round "11"]
[TimeControl "180+2"]
[Date "2023.05.16"]
[WhiteClock "0:00:09"]
[BlackClock "0:00:08"]

1. d4 d6 2. Nf3 Bg4 3. e3 Nf6 4. h3 Bh5 5. c4 c6 6. Qb3 Qb6 7. Be2 Nbd7 8. Nc3 e6 9. O-O d5 10. Qc2 Be7 11. b3 O-O 12. Bb2 Rac8 13. Rfe1 Bg6 14. Bd3 dxc4 15. Bxg6 hxg6 16. bxc4 c5 17. d5 Qa6 18. e4 Qxc4 19. d6 Bxd6 20. e5 Be7 21. exf6 Bxf6 22. Rad1 Rfd8 23. Re4 Qa6 24. Ra4 Qb6 25. Nd2 a6 26. Rg4 Qc6 27. Nde4 Be7 28. Rg3 b5 29. Ne2 c4 30. Nf4 Nf8 31. Nh5 Rxd1+ 32. Qxd1 Qxe4 33. Bxg7 Rd8 34. Qa1 Qe2 35. Nf6+ Bxf6 36. Qxf6 Rd1+ 37. Kh2 Nh7 38. Qc3 Qe1 39. Qxe1 Rxe1 40. Bc3 Rd1 41. h4 Rd3 42. Rxd3 cxd3 43. Kg3 g5 44. h5 f5 45. Kf3 Kf7 46. Ke3 Nf6 47. h6 Ng4+ 48. Kxd3 Nxh6 49. Kd4 Ng4 50. f3 Nf2 51. Kc5 Nd3+ 52. Kb6 b4 53. Ba1 Nc1 54. Kxa6 Nxa2 55. Kb5 Kg6 56. Kc4 Kh5 57. Bb2 Nc3 58. Kxb4 Nd1 59. Bd4 f4 60. Kc4 Kh4 61. Kd3 Kg3 62. Ke2 Ne3 63. Bxe3 fxe3 64. Kxe3 Kxg2 65. f4 g4 66. Ke4 Kh3 67. Ke5 g3 68. Kxe6 g2 69. f5 g1=Q 70. f6 Qe3+ 71. Kf7 Kg4 72. Kg7 Qg5+ 73. Kf7 Kf5 74. Ke8 Qxf6 0-1


[Site "https://www.chess.com"]

[Event "Titled Tuesday Blitz May 16 Early 2023"]
[White "Zherebukh, Yaroslav"]
[Black "Volkov, Maksim"]
[WhiteFideId "14116804"]
[BlackFideId "54123070"]
[WhiteElo "2531"]
[BlackElo "2297"]
[Result "1/2-1/2"]
[Round "11"]
[TimeControl "180+2"]
[Date "2023.05.16"]
[WhiteClock "0:00:17"]
[BlackClock "0:00:04"]

1. Nf3 d5 2. b3 c5 3. e3 Nf6 4. Bb2 g6 5. Bxf6 exf6 6. d4 Bg7 7. Nc3 O-O 8. Qd2 Be6 9. dxc5 f5 10. Nd4 Qa5 11. Na4 Qc7 12. g3 Bd7 13. Rb1 Bxa4 14. bxa4 Nd7 15. Bg2 Nxc5 16. Bxd5 Rad8 17. c4 Nxa4 18. Rxb7 Qc8 19. Rxa7 Nb6 20. Nc6 Rd7 21. Ne7+ Rxe7 22. Rxe7 Bc3 23. Bxf7+ Rxf7 24. Qxc3 Rxe7 25. c5 Nd5 26. Qc4 Qc6 27. O-O Kg7 28. Rd1 Rd7 29. a4 Nf6 30. Ra1 Ne4 31. h4 Qxc5 32. Qxc5 Nxc5 33. a5 Ra7 34. Ra3 Nb7 35. a6 Nc5 36. Ra5 Nxa6 37. h5 Ra8 38. hxg6 hxg6 39. g4 Nc7 40. Rxa8 Nxa8 41. gxf5 gxf5 42. Kg2 Kf6 43. Kg3 Nb6 44. e4 fxe4 45. Kf4 Nd5+ 46. Kxe4 Ne7 47. f3 Nf5 48. f4 Nh4 49. f5 Nxf5 1/2-1/2


[Site "https://www.chess.com"]

[Event "Titled Tuesday Blitz May 16 Early 2023"]
[White "Bondau"]
[Black "vlajkovicS"]
[WhiteElo "2782"]
[BlackElo "2651"]
[Result "1-0"]
[Round "11"]
[TimeControl "180+2"]
[Date "2023.05.16"]
[WhiteClock "0:01:03"]
[BlackClock "0:00:51"]

1. e4 e6 2. d4 a6 3. c4 c5 4. d5 b5 5. Nf3 bxc4 6. Bxc4 Bb7 7. Nc3 Nf6 8. e5 Nxd5 9. Nxd5 exd5 10. Bxd5 Bxd5 11. Qxd5 Nc6 12. O-O Be7 13. Rd1 Ra7 14. Be3 Nb4 15. Qc4 Qc7 16. a3 Nc6 17. Qe4 O-O 18. h4 Rb7 19. Rd2 Na5 20. Rad1 Rd8 21. Bg5 Qc6 22. Qf4 Bxg5 23. Qxg5 Re8 24. h5 h6 25. Qg4 Qe6 26. Qe4 Reb8 27. Rd6 Qc4 28. Qf5 Rxb2 29. Rxd7 Qe6 30. Rd8+ Qe8 31. Rxe8+ Rxe8 32. Rd7 1-0


[Site "https://www.chess.com"]

[Event "Titled Tuesday Blitz May 16 Early 2023"]
[White "Hambleton, Aman"]
[Black "Tasev, Dejan"]
[WhiteFideId "2606577"]
[BlackFideId "936618"]
[WhiteElo "2511"]
[BlackElo "2244"]
[Result "1/2-1/2"]
[Round "11"]
[TimeControl "180+2"]
[Date "2023.05.16"]
[WhiteClock "0:00:02"]
[BlackClock "0:00:07"]

1. d4 Nf6 2. Bf4 e6 3. e3 b6 4. Nf3 Bb7 5. h3 h6 6. c4 d6 7. Nc3 Nbd7 8. a4 a5 9. Be2 Be7 10. Qc2 g5 11. Bg3 g4 12. hxg4 Nxg4 13. d5 Rg8 14. Nd4 Ndf6 15. Bxg4 Nxg4 16. dxe6 fxe6 17. Nxe6 Qd7 18. Qf5 Rg5 19. Qh7 Qxe6 20. O-O-O O-O-O 21. Nd5 Bxd5 22. cxd5 Rxd5 23. Rxd5 Qxd5 24. Qxe7 Ne5 25. Kb1 Qe4+ 26. Ka1 Qxa4+ 27. Kb1 Qe4+ 28. Ka1 Rd7 29. Qe8+ Rd8 30. Qe6+ Kb7 31. Rc1 Qa4+ 32. Kb1 Qe4+ 33. Ka1 Qa4+ 34. Kb1 Qe4+ 35. Rc2 Qd3 36. Bxe5 dxe5 37. Qxe5 Qd1+ 38. Rc1 Qd3+ 39. Ka1 Rd6 40. g4 Qd2 41. Qe4+ Kb8 42. Rc3 Qd1+ 43. Ka2 Rd7 44. Qe8+ Kb7 45. Qe4+ Kb8 46. Rc4 Qd6 47. Qe8+ Kb7 48. Qe4+ c6 49. Rd4 Qc7 50. Rxd7 Qxd7 51. Qg6 Qd5+ 52. b3 Qd2+ 53. Ka3 Qb4+ 54. Kb2 Qd2+ 55. Qc2 Qd5 56. f4 b5 57. f5 Qe5+ 58. Ka2 Kb6 59. Qf2 a4 60. bxa4 Qd5+ 61. Kb1 Qb3+ 62. Kc1 Qxa4 63. f6 Qa1+ 64. Kd2 Qb2+ 65. Ke1 Qb1+ 66. Ke2 Qc2+ 67. Kf1 Qd1+ 68. Kg2 Qxg4+ 69. Kh2 Qh5+ 70. Kg3 Qg5+ 71. Kh3 Qh5+ 72. Kg2 Qg4+ 73. Kh1 Qh5+ 74. Kg1 Qg4+ 75. Kf1 Qd1+ 76. Kg2 Qg4+ 1/2-1/2


[Site "https://www.chess.com"]

[Event "Titled Tuesday Blitz May 16 Early 2023"]
[White "Al-Tarboush, Ward"]
[Black "Aydincelebi, Kagan"]
[WhiteFideId "7601450"]
[BlackFideId "6361102"]
[WhiteElo "2265"]
[BlackElo "2180"]
[Result "0-1"]
[Round "11"]
[TimeControl "180+2"]
[Date "2023.05.16"]
[WhiteClock "0:00:00"]
[BlackClock "0:00:36"]

1. Nc3 g6 2. d4 Bg7 3. e4 c5 4. d5 d6 5. Nf3 Bg4 6. Be2 Nf6 7. O-O O-O 8. Re1 a6 9. a4 Nbd7 10. a5 Rb8 11. h3 Bxf3 12. Bxf3 Ne8 13. Bf4 Nc7 14. Be2 b5 15. axb6 Rxb6 16. Ra2 Qb8 17. Qc1 Qb7 18. Bd2 Rb4 19. Bf1 Nf6 20. f3 Qa8 21. Na4 Rb7 22. Ba5 Rfb8 23. c3 Nh5 24. g4 Nf6 25. Qc2 e6 26. c4 Nd7 27. Nc3 Rf8 28. f4 Qd8 29. f5 Qh4 30. Rd1 Bd4+ 31. Kh1 Ne5 32. Qg2 exd5 33. Bxc7 Rxc7 34. Nxd5 Rb7 35. f6 Rfb8 36. Rd2 Rb3 37. Ra3 Rxa3 38. bxa3 Rb3 39. a4 Rg3 40. Rb2 h5 41. Qh2 Nxg4 42. Rb8+ Kh7 43. Qxg3 Qxg3 0-1


[Site "https://www.chess.com"]

[Event "Titled Tuesday Blitz May 16 Early 2023"]
[White "Jovic, Stanoje"]
[Black "Wagner, Dennis"]
[WhiteFideId "905020"]
[BlackFideId "24650684"]
[WhiteElo "2236"]
[BlackElo "2478"]
[Result "0-1"]
[Round "11"]
[TimeControl "180+2"]
[Date "2023.05.16"]
[WhiteClock "0:00:00"]
[BlackClock "0:00:37"]

1. c4 e5 2. g3 c6 3. d4 Bb4+ 4. Bd2 Bxd2+ 5. Qxd2 d6 6. Bg2 Nf6 7. Nc3 O-O 8. dxe5 dxe5 9. Qxd8 Rxd8 10. Nf3 Nbd7 11. O-O-O Re8 12. h3 h6 13. Rd6 Nc5 14. Nd2 Bf5 15. b4 Ne6 16. e3 a5 17. b5 Rad8 18. Rxd8 Rxd8 19. bxc6 bxc6 20. Bxc6 Nc5 21. Nd5 Nd3+ 22. Kc2 Nb4+ 23. Kc3 Nxc6 24. Nxf6+ gxf6 25. e4 Nb4 26. exf5 Rd3+ 27. Kb2 Rxd2+ 28. Kb3 Rxa2 29. Rc1 Rxf2 30. c5 Rxf5 31. Ka4 e4 32. c6 Nxc6 33. Rxc6 e3 34. Rc3 Re5 35. Rc1 e2 36. Re1 h5 37. h4 Kg7 38. Kb3 Kg6 39. Kc3 Kf5 0-1


[Site "https://www.chess.com"]

[Event "Titled Tuesday Blitz May 16 Early 2023"]
[White "Papasimakopoulos, Alexandros"]
[Black "Klepikov, Nikita"]
[WhiteFideId "4244125"]
[BlackFideId "24145220"]
[WhiteElo "2359"]
[BlackElo "2025"]
[Result "1-0"]
[Round "11"]
[TimeControl "180+2"]
[Date "2023.05.16"]
[WhiteClock "0:01:37"]
[BlackClock "0:00:00"]

1. h3 d5 2. c4 d4 3. e3 e5 4. exd4 exd4 5. Nf3 Nf6 6. d3 Bb4+ 7. Bd2 Bxd2+ 8. Nbxd2 O-O 9. Be2 c5 10. O-O Nc6 11. Ng5 b6 12. Bf3 Bb7 13. Nge4 Nxe4 14. Bxe4 Qd7 15. Qg4 f5 16. Bd5+ Qxd5 17. cxd5 fxg4 18. dxc6 Bxc6 19. hxg4 Bb5 20. Nc4 Bxc4 21. dxc4 d3 22. Rfd1 Rad8 23. f3 Rfe8 24. Rd2 Rd4 25. b3 Re2 26. Rad1 Re8 27. Rxd3 Red8 28. Rxd4 cxd4 29. Kf2 Kf7 30. Ke2 Ke6 31. Kd3 Ke5 32. g3 Rd7 33. f4+ Kf6 34. Re1 Kg6 35. Re6+ Kf7 36. Re4 1-0


[Site "https://www.chess.com"]

[Event "Titled Tuesday Blitz May 16 Early 2023"]
[White "Iskusnyh, Sergei"]
[Black "Madaminov, Mukhiddin"]
[WhiteFideId "4120027"]
[BlackFideId "14210703"]
[WhiteElo "2492"]
[BlackElo "2511"]
[Result "0-1"]
[Round "11"]
[TimeControl "180+2"]
[Date "2023.05.16"]
[WhiteClock "0:00:00"]
[BlackClock "0:01:34"]

1. d4 e6 2. c4 b6 3. Nf3 Nf6 4. g3 Ba6 5. Nbd2 d5 6. Bg2 Bd6 7. O-O O-O 8. b3 c5 9. Bb2 Nc6 10. cxd5 exd5 11. Rc1 Re8 12. Re1 Rc8 13. e3 Nb4 14. Bh3 Rc7 15. Bf5 Bd3 16. Bh3 Nxa2 17. Ra1 Nb4 18. Ne5 Bb5 19. Bf5 g6 20. Bb1 Nd7 21. Nxd7 Qxd7 22. dxc5 bxc5 23. Qf3 Be5 24. Bxe5 Rxe5 25. Qf4 Re6 26. Nf3 Qd6 27. Qh6 Qf8 28. Qf4 Rce7 29. Ng5 Rb6 30. Rc1 h6 31. Nf3 Ree6 32. h4 Rf6 33. Qg4 h5 34. Qg5 Rxf3 0-1


[Site "https://www.chess.com"]

[Event "Titled Tuesday Blitz May 16 Early 2023"]
[White "Agibileg, Uurtsaikh"]
[Black "Visakh N R"]
[WhiteFideId "4901606"]
[BlackFideId "25012223"]
[WhiteElo "2353"]
[BlackElo "2466"]
[Result "0-1"]
[Round "11"]
[TimeControl "180+2"]
[Date "2023.05.16"]
[WhiteClock "0:00:00"]
[BlackClock "0:01:10"]

1. d4 Nf6 2. c4 e6 3. Nc3 Bb4 4. e3 b6 5. Bd3 Bb7 6. f3 d5 7. cxd5 exd5 8. Ne2 O-O 9. O-O c5 10. a3 cxd4 11. axb4 dxc3 12. bxc3 Nc6 13. Kh1 a5 14. b5 Ne5 15. Nd4 Re8 16. Ra4 Rc8 17. Qd2 Nxd3 18. Qxd3 Nd7 19. Ra2 Ne5 20. Qc2 Qc7 21. Bd2 Nc4 22. Nf5 g6 23. Nh6+ Kg7 24. e4 dxe4 25. fxe4 Bxe4 26. Qd1 f5 27. Bg5 Qb7 28. Qd4+ Ne5 29. Rd2 Re6 30. Bf4 Rce8 31. Qf2 Qe7 32. Qg3 Nd3 33. Rxd3 Bxd3 34. Qxd3 Re1 35. Qd4+ Qf6 36. Qf2 Qxc3 37. Nxf5+ gxf5 0-1


[Site "https://www.chess.com"]

[Event "Titled Tuesday Blitz May 16 Early 2023"]
[White "Hayrapetyan, Hovik"]
[Black "Piesik, Piotr"]
[WhiteFideId "13302639"]
[BlackFideId "1136194"]
[WhiteElo "2348"]
[BlackElo "2299"]
[Result "1-0"]
[Round "11"]
[TimeControl "180+2"]
[Date "2023.05.16"]
[WhiteClock "0:00:20"]
[BlackClock "0:00:15"]

1. d4 c5 2. d5 e5 3. Nc3 d6 4. e4 Be7 5. h4 Bxh4 6. g3 Bg5 7. f4 exf4 8. gxf4 Bh4+ 9. Kd2 Na6 10. Bb5+ Kf8 11. Nf3 Bg4 12. Be2 Bg3 13. Kd3 Nb4+ 14. Kc4 b5+ 15. Nxb5 Nf6 16. a3 Nxe4 17. axb4 cxb4 18. Nbd4 Qb6 19. Kb3 Nc5+ 20. Ka2 Re8 21. Rg1 b3+ 22. cxb3 Rxe2 23. Qxe2 Nxb3 24. Qb5 1-0


[Site "https://www.chess.com"]

[Event "Titled Tuesday Blitz May 16 Early 2023"]
[White "Ibadov, Dashgyn"]
[Black "Bocharov, Dmitry"]
[WhiteFideId "24107514"]
[BlackFideId "4138716"]
[WhiteElo "2208"]
[BlackElo "2469"]
[Result "0-1"]
[Round "11"]
[TimeControl "180+2"]
[Date "2023.05.16"]
[WhiteClock "0:00:00"]
[BlackClock "0:00:13"]

1. e4 c5 2. Nf3 Nc6 3. Bb5 e6 4. O-O Nge7 5. d4 cxd4 6. Nxd4 Ng6 7. Be3 Be7 8. Be2 O-O 9. c3 b6 10. Nd2 Bb7 11. Bd3 d5 12. Qh5 Nxd4 13. cxd4 dxe4 14. Bxe4 Bxe4 15. Nxe4 Qd7 16. Rfd1 Rfd8 17. Rac1 Rac8 18. g3 h6 19. Nc3 Bb4 20. d5 Bxc3 21. dxe6 Qxe6 22. bxc3 Qxa2 23. Bd4 Qd5 24. Qe2 Re8 25. Qa6 Qa8 26. Ra1 Rc7 27. Bxb6 Nh4 28. gxh4 Rc6 29. h5 Rxb6 30. Qxb6 axb6 31. Rxa8 Rxa8 32. Rb1 Rc8 0-1


[Site "https://www.chess.com"]

[Event "Titled Tuesday Blitz May 16 Early 2023"]
[White "Jakubowski, Krzysztof"]
[Black "Tanenbaum, Zachary"]
[WhiteFideId "1112848"]
[BlackFideId "2060850"]
[WhiteElo "2359"]
[BlackElo "2175"]
[Result "1/2-1/2"]
[Round "11"]
[TimeControl "180+2"]
[Date "2023.05.16"]
[WhiteClock "0:00:19"]
[BlackClock "0:00:07"]

1. e4 e5 2. Nf3 Nc6 3. Bc4 Nf6 4. Ng5 d5 5. exd5 Na5 6. Bb5+ c6 7. dxc6 bxc6 8. Bd3 Nd5 9. h4 h6 10. Qh5 Qf6 11. Nh7 Rxh7 12. Bxh7 g6 13. Qe2 Nf4 14. Qf3 Bb7 15. Nc3 Qg7 16. Ne4 O-O-O 17. d3 f5 18. Bxf4 exf4 19. O-O-O Qxh7 20. Nd2 Bd6 21. Rhe1 Qf7 22. Nb3 Nxb3+ 23. axb3 c5 24. Qh3 Qd5 25. f3 a5 26. Re4 Kc7 27. Ra4 Ra8 28. h5 Bc6 29. Rc4 Bb5 30. hxg6 Bxc4 31. dxc4 Qe5 32. Qxh6 a4 33. bxa4 Rxa4 34. Kb1 Rb4 35. b3 Qc3 36. Qh7+ Kc6 37. Qf7 Rxb3+ 38. cxb3 Qxb3+ 39. Kc1 Qc3+ 40. Kb1 Qb3+ 41. Kc1 Qc3+ 42. Kb1 Qb3+ 1/2-1/2


[Site "https://www.chess.com"]

[Event "Titled Tuesday Blitz May 16 Early 2023"]
[White "Csonka, Balazs"]
[Black "Belov, Alexei"]
[WhiteFideId "742910"]
[BlackFideId "4128206"]
[WhiteElo "2404"]
[BlackElo "2563"]
[Result "1/2-1/2"]
[Round "11"]
[TimeControl "180+2"]
[Date "2023.05.16"]
[WhiteClock "0:00:07"]
[BlackClock "0:00:09"]

1. d4 e6 2. Nf3 d5 3. c4 Nf6 4. Nc3 Be7 5. g3 O-O 6. Bg2 dxc4 7. Ne5 Nc6 8. Bxc6 bxc6 9. Nxc6 Qe8 10. Nxe7+ Qxe7 11. Qa4 e5 12. dxe5 Qxe5 13. Bf4 Qf5 14. f3 Rb8 15. O-O-O Be6 16. e4 Qc5 17. Rd2 h6 18. Rhd1 g5 19. e5 Nh5 20. Ne4 Qb6 21. Qc2 gxf4 22. g4 f5 23. gxh5 fxe4 24. Qxe4 Bf5 25. Qxc4+ Kh8 26. Qc3 Kh7 27. e6 Bxe6 28. Rd7+ Rf7 29. Qc2+ Kh8 30. Qc3+ Kh7 31. Qd3+ Kh8 32. Qc3+ Kh7 1/2-1/2


[Site "https://www.chess.com"]

[Event "Titled Tuesday Blitz May 16 Early 2023"]
[White "Tologon tegin, Semetei"]
[Black "Domingo Nunez, Ruben"]
[WhiteFideId "13800574"]
[BlackFideId "22245570"]
[WhiteElo "2247"]
[BlackElo "2404"]
[Result "0-1"]
[Round "11"]
[TimeControl "180+2"]
[Date "2023.05.16"]
[WhiteClock "0:00:00"]
[BlackClock "0:00:10"]

1. d4 g6 2. Nc3 Bg7 3. e4 c6 4. Nf3 d5 5. h3 dxe4 6. Nxe4 Nf6 7. Bd3 Nbd7 8. O-O O-O 9. c3 Nxe4 10. Bxe4 c5 11. Be3 Qc7 12. Rc1 Rd8 13. Qe2 Nf6 14. Bd3 b6 15. Rfe1 Bb7 16. dxc5 bxc5 17. Bc4 e6 18. Bg5 h6 19. Bh4 Re8 20. Ne5 Ne4 21. Ng4 g5 22. f3 Nxc3 23. bxc3 gxh4 24. Qe3 Kh7 25. Rb1 Rab8 26. Rb3 f5 27. Nf2 Bd5 28. Bxd5 exd5 29. Qxe8 Rxe8 30. Rxe8 c4 31. Rb5 Qd7 32. Reb8 Qe6 33. Rb1 Bxc3 34. R8b7+ Kg6 35. Kf1 Qe5 36. Rxa7 Bd4 37. Ra6+ Kh5 38. Rb2 Bxb2 0-1


[Site "https://www.chess.com"]

[Event "Titled Tuesday Blitz May 16 Early 2023"]
[White "Begmuratov, Alisher"]
[Black "Ginzburg, Yakov"]
[WhiteFideId "14203367"]
[BlackFideId "4157176"]
[WhiteElo "2387"]
[BlackElo "2305"]
[Result "0-1"]
[Round "11"]
[TimeControl "180+2"]
[Date "2023.05.16"]
[WhiteClock "0:01:23"]
[BlackClock "0:01:14"]

1. d4 d5 2. Nf3 Nf6 3. e3 c6 4. Bd3 Bg4 5. h3 Bxf3 6. Qxf3 Nbd7 7. c4 e5 8. Qe2 e4 9. Bc2 a6 10. O-O b5 11. cxd5 cxd5 12. Nc3 Bb4 13. f3 O-O 14. fxe4 Bxc3 15. bxc3 Nxe4 16. Ba3 Re8 17. Rf4 Ndf6 18. Bxe4 Rxe4 19. Rf5 Qd7 20. Raf1 Rae8 21. R1f3 Rxe3 22. Rxe3 Rxe3 23. Qf2 Re6 24. Bb4 Ne4 25. Qf4 h6 26. Qb8+ Re8 27. Qb6 Qxf5 0-1


[Site "https://www.chess.com"]